Map: Odyssey LE

Players

Kassim - Winner!

  • Race: Zerg Zerg
  • League: Diamond
  • Spawn Location: 5:00

rafapras

  • Race: Protoss Protoss
  • League: Diamond
  • Spawn Location: 11:00

VOD

Have the link to the VOD?

Description

Time

  • Played on: Dec. 1, 2017, 8:47 p.m.
  • Length: 4:29
Show
View Real Time Build Order
Export as new Build Order

Kassim Zerg - Winner!

Build Orders: Pool First 

Get SALT Encoding   

  12  0:02  Drone  
  13  0:08  Drone  
  14  0:16  Overlord  
  14  0:24  Extractor  
  14  0:25  Drone  
  15  0:35  Drone x2  
  17  0:47  Spawning Pool  
  17  0:48  Drone  
  17  0:51  Extractor  
  17  0:56  Drone  
  17  1:19  Hatchery  
  17  1:20  Drone  
  17  1:24  Drone  
  18  1:34  Zergling x2  
  18  1:39  Zergling x2  
  20  1:45  Queen  
  22  1:59  Overlord  
  22  2:00  Metabolic Boost  
  21  2:16  Roach Warren  
  21  2:17  Drone  
  21  2:28  Drone  
  22  2:30  Overlord  
  22  2:57  Roach x3  
  22  2:58  Roach x2  
  31  3:13  Zergling x10  
  36  3:35  Zergling x8, Overlord  
  40  3:44  Zergling x6  
Show
View Real Time Build Order
Export as new Build Order

rafapras Protoss 

Build Orders:  

Get SALT Encoding   

  12  0:01  Probe  
  13  0:13  Probe  
  14  0:20  Pylon  
  14  0:27  Probe  
  15  0:39  Probe (Chrono Boost)  
  17  0:51  Probe (Chrono Boost)  
  17  0:54  Probe (Chrono Boost)  
  18  1:09  Nexus  
  18  1:20  Gateway  
  18  1:28  Assimilator  
  18  1:32  Probe (Chrono Boost), Assimilator  
  19  1:44  Probe (Chrono Boost)  
  20  1:50  Probe (Chrono Boost)  
  21  1:57  Pylon  
  21  1:58  Probe  
  22  2:10  Probe, Cybernetics Core  
  23  2:20  Gateway  
  24  2:22  Probe  
  24  2:23  Probe  
  25  2:31  Zealot (Chrono Boost)  
  27  2:37  Probe  
  28  2:49  Probe  
  29  2:54  Probe  
  29  2:56  Warp Gate (Chrono Boost)  
  29  2:57  Adept  
  32  3:02  Probe  
  33  3:06  Probe  
  34  3:14  Probe  
  34  3:17  Shield Battery  
  34  3:18  Probe  
  36  3:23  Stargate  
  36  3:26  Probe  
  37  3:30  Probe  
  38  3:38  Probe  
  39  3:42  Probe  
  40  3:50  Probe  
  40  3:51  Stalker  
  40  3:54  Probe  
  44  4:02  Probe  
Tags
 
Matchup
PvZ
Opening
Pool First
Spawn Locations
Cross Positions
Add a new tag
Caveats
  • Supply blocks, unpowered buildings, or Contaminate may cause inaccurate times.
  • Supply counts are checked every 10 seconds.